 Dungeon Crawl Stone Soup version 0.20.1-1-g8b1a95d (webtiles) character file.

57 JayJay1191 the Insei (level 4, -1/32 HPs)
             Began as a Merfolk Transmuter on Dec 6, 2017.
             Slain by a goblin (4 damage)
             ... led by Robin
             ... on level 3 of the Dungeon.
             The game lasted 00:14:23 (1450 turns).

JayJay1191 the Insei (Merfolk Transmuter)           Turns: 1450, Time: 00:14:25

Health: -1/32      AC:  4    Str: 10    XL:     4   Next: 0%
Magic:  6/7        EV: 13    Int: 13    God:
Gold:   14         SH:  0    Dex: 14    Spells: 3/7 levels left

rFire    . . .     SeeInvis .     - Unarmed
rCold    . . .     Gourm    .   (no shield)
rNeg     . . .     Faith    .   b - +0 robe
rPois    .         Spirit   .   (no helmet)
rElec    .         Reflect  .   l - +0 cloak
rCorr    .         Harm     .   (no gloves)
MR       .....                  e - +0 pair of boots
Stlth    +.........             (no amulet)
Regen    0.1/turn               (no ring)
MPRegen  0.1/turn               (no ring)

@: appendage
A: change form in water, swift swim, stealthy swim, horns 2
a: End Transformation


You were on level 3 of the Dungeon.
You were not hungry.
You had grown temporary horns.
You visited 1 branch of the dungeon, and saw 3 of its levels.

You collected 14 gold pieces.

Inventory:

Missiles
 a - 12 arrows
Armour
 b - a +0 robe (worn)
 e - a +0 pair of boots (worn)
 l - a +0 cloak (worn)
Jewellery
 p - a +2 ring of evasion {unknown}
Scrolls
 f - a scroll of enchant weapon {unknown}
 g - a scroll of amnesia {unknown}
 h - a scroll of immolation {unknown}
 i - 2 scrolls of identify {unknown}
 k - a scroll of magic mapping {unknown}
 n - 2 scrolls of teleportation {unknown}
Potions
 j - a potion of resistance {unknown}
Books
 c - a book of Changes

   Spells                             Type                      Level
   a - Beastly Appendage              Transmutation                1
   b - Sticks to Snakes               Transmutation                2
   c - Spider Form                    Transmutation/Poison         3
   d - Ice Form                       Ice/Transmutation            4
   e - Blade Hands                    Transmutation                5
Comestibles
 d - a bread ration
 m - 5 chunks of flesh
 o - a meat ration
 q - a royal jelly


   Skills:
 - Level 1.1 Fighting
 - Level 2.6 Dodging
 - Level 4.4 Unarmed Combat
 + Level 2.0 Spellcasting
 * Level 3.4 Transmutations
 * Level 1.4 Poison Magic


You had 3 spell levels left.
You knew the following spells:

 Your Spells              Type           Power        Failure   Level  Hunger
a - Beastly Appendage     Tmut           ##....       6%          1    ##.....
b - Spider Form           Tmut/Pois      #.........   28%         3    ####...


Dungeon Overview and Level Annotations

Branches:
Dungeon (3/15)

Altars:
Xom


Innate Abilities, Weirdness & Mutations

You revert to your normal form in water.
You are very nimble and swift while swimming.
You are very stealthy in the water. (Stealth+)
You have a pair of horns on your head.


Message History

You closely miss the goblin.
The goblin is moderately wounded.
Your transformation is almost over.
The goblin hits you but does no damage. The goblin hits you.
* * * LOW HITPOINT WARNING * * *
The goblin hits you but does no damage. The goblin hits you.
* * * LOW HITPOINT WARNING * * *
Your horns disappear.
There is a stone staircase leading down here.
The goblin hits you.
* * * LOW HITPOINT WARNING * * *
You climb downwards.
Found 13 gold pieces.
There is a stone staircase leading up here.
Casting: Beastly Appendage
Confirm with . or Enter, or press ? or * to list all spells.
You grow a pair of large bovine horns.
The goblin completely misses you.
You barely miss the goblin. The goblin hits you.
You die... ## # .$ ###.#.###.##### #.....g@....... #.#.#.###.##### # #

You could see a goblin.

Vanquished Creatures
  Robin (D:2)
  An ooze (D:2)
  A dart slug (D:1)
  3 leopard geckos
  A ball python (D:1)
  5 goblins (D:2)
  4 hobgoblins
  2 jackals (D:1)
  8 kobolds
  4 bats
  3 frilled lizards (D:1)
  2 rats (D:1)
35 creatures vanquished.

Notes
Turn   | Place    | Note
-------+----------+-------------------------------------------
     0 | D:1      | JayJay1191 the Merfolk Transmuter began the quest for the Orb.
     0 | D:1      | Reached XP level 1. HP: 15/15 MP: 3/3
    85 | D:1      | Reached XP level 2. HP: 8/21 MP: 5/5
   240 | D:1      | Reached skill level 4 in Unarmed Combat
   467 | D:1      | Found a sacrificial altar of Ru.
   476 | D:1      | Found a sacrificial altar of Ru.
   476 | D:1      | Found a basalt altar of Yredelemnul.
   478 | D:1      | Found a shimmering altar of Xom.
   478 | D:1      | Found a shattered altar of Ashenzari.
   478 | D:1      | Found a sacrificial altar of Ru.
  1022 | D:2      | Reached XP level 3. HP: 22/26 MP: 4/6
  1027 | D:2      | Learned a level 3 spell: Spider Form
  1307 | D:2      | Noticed Robin
  1366 | D:2      | Reached skill level 1 in Poison Magic
  1392 | D:2      | Killed Robin
  1392 | D:2      | Reached XP level 4. HP: 11/32 MP: 5/7
  1450 | D:3      | Slain by a goblin

Skill      XL: |  1  2  3 |
---------------+----------+-----
Unarmed Combat | 4 |  4.4
Transmutations | 3 |  3.4
Poison Magic   | 1 |  1.4
Fighting       | |  1.1
Dodging        | |  2.6
Spellcasting   | |  2.0

Action                   |  1- 3 |  4- 6 || total
-------------------------+-------+-------++-------
Melee: Unarmed           |   101 |     7 ||   108
       Headbutt          |     7 |       ||     7
       Punch             |     1 |       ||     1
 Cast: Beastly Appendage |    18 |     2 ||    20
  Eat: Chunk             |     2 |       ||     2
Armor: Robe              |    21 |    13 ||    34
Dodge: Dodged            |    80 |    11 ||    91
